 Dungeon Crawl Stone Soup version 0.30-a0-760-g5a9884bb7c (webtiles) character file.

Game seed: 2784629051033124151

144 jimonade the Shield-Bearer (level 5, -3/42 HPs)
             Began as a Formicid Fighter on Feb 12, 2023.
             Splashed by a jelly's acid (8 damage)
             ... on level 4 of the Dungeon.
             The game lasted 00:04:44 (2490 turns).

jimonade the Shield-Bearer (Formicid Fighter)       Turns: 2490, Time: 00:04:44

Health: -3/42      AC:  6    Str: 20    XL:     5   Next: 51%
Magic:  5/5        EV:  7    Int: 10    God:
Gold:   212        SH:  5    Dex: 13    Spells: 4/4 levels left

rFire   . . .      SeeInvis +    a - +0 flail
rCold   . . .      Faith    .    c - +0 buckler
rNeg    . . .      Spirit   .    w - +0 chain mail
rPois   .          Reflect  .    (helmet unavailable)
rElec   .          Harm     .    v - +0 cloak
rCorr   .          Rampage  .    (no gloves)
Will    .....                    (no boots) Stlth
                                 (no amulet)
HPRegen 0.27/turn                (no ring)
MPRegen 0.09/turn                (no ring)

@: corroded
A: permanent stasis, dig shafts and tunnels, antennae 3, four strong arms
a: Dig, Shaft Self


You were on level 4 of the Dungeon.
You visited 1 branch of the dungeon, and saw 4 of its levels.

You collected 212 gold pieces.

Inventory:

Hand Weapons
 a - a +0 flail (weapon)
 x - a +0 whip
Missiles
 j - 31 stones
 B - a boomerang
Armour
 b - a +0 scale mail
 c - a +0 buckler (worn)
 l - a +0 ring mail
 v - a +0 cloak (worn)
 w - a +0 chain mail (worn)
 y - a +0 leather armour
Magical Staves
 m - a staff of fire
Jewellery
 z - a +6 ring of intelligence
Scrolls
 g - 3 scrolls of identify {unknown}
 i - a scroll of acquirement {unknown}
 n - a scroll of torment {unknown}
 p - a scroll of teleportation {unknown}
 s - a scroll of noise {unknown}
 u - a scroll of fog {unknown}
 A - a scroll of magic mapping {unknown}
Potions
 d - 3 potions of might
 e - a potion of ambrosia {unknown}
 f - 3 potions of degeneration {unknown}
 h - a potion of heal wounds {unknown}
 k - a potion of mutation {unknown}
 o - a potion of lignification {unknown}
 q - a potion of curing {unknown}
 r - a potion of berserk rage {unknown}
 t - a potion of haste {unknown}


   Skills:
 + Level 4.1 Fighting
 * Level 4.2 Maces & Flails
 + Level 3.7 Armour
 + Level 0.2 Dodging
 + Level 0.5 Stealth
 + Level 4.2 Shields


You had 4 spell levels left.
You didn't know any spells.
Your spell library contained the following spells:

 Spells                   Type           Power      Damage    Failure   Level
 Sting                    Tmut/Pois      0%         1d3       99%         1
 Poisonous Vapours        Pois/Air       0%         N/A       100%        2
 Olgreb's Toxic Radiance  Pois           0%         N/A       100%        4


Dungeon Overview and Level Annotations

Branches:
Dungeon (4/15)
 Temple: D:4-7

Altars:
Xom

Shops:
D:2 (


Innate Abilities, Weirdness & Mutations

You cannot be hasted, slowed, berserked, paralysed or teleported.
You can dig through walls and to a lower floor.
You have a pair of large antennae on your head. (SInv)
Your four strong arms can wield two-handed weapons with a shield.


Message History

The iguana is heavily wounded.
The ball python bites you. The ball python grabs you.
The ball python constricts you. The ball python barely misses you.
The ball python constricts you. The iguana bites you.
You closely miss the iguana.
The iguana is heavily wounded.
The ball python bites you but does no damage.
The ball python constricts you. The iguana bites you.
You sock the iguana!
You kill the iguana!
The ball python bites you. The ball python constricts you.
The ball python bites you but does no damage.
The ball python constricts you.
Your Maces & Flails skill increases to level 4!
You hit the ball python.
You kill the ball python!
HP restored.
Done exploring.
There is a stone staircase leading down, spattered with blood here.
Items here: ))) [.
You climb downwards.
You block the jelly's attack.
There is a stone staircase leading up here.
You sock the jelly! The acid corrodes you!
Your hands burn!
The jelly is heavily wounded.
The jelly barely misses you.
You sock the jelly!
Your hands burn!
The jelly is almost dead.
The jelly hits you.
You are splashed with acid!
You hit the jelly but do no damage.
Your hands burn!
The jelly is almost dead.
The jelly hits you.
You are splashed with acid!
* * * LOW HITPOINT WARNING * * *
You block the jelly's attack.
You hit the jelly but do no damage.
Your hands burn!
* * * LOW HITPOINT WARNING * * *
The jelly is almost dead.
The jelly hits you.
* * * LOW HITPOINT WARNING * * *
You are splashed with acid!
You die...

....)##
......#
......#
##.....##
####
#.......#
....
#.......#
#..#........
#..@.......
##.J#......
#.<. .....
..#.. ....
..# ... ...
### #... ..
.... . ?....


You could see a jelly.

Vanquished Creatures
  An iguana (D:3)
  An orc wizard (D:3)
  3 adders
  A worm (D:2)
  2 dart slugs (D:2)
  7 orcs (D:3)
  7 ball pythons
  2 endoplasms
  3 giant cockroaches
  7 hobgoblins
  A quokka (D:3)
  4 bats
  A frilled lizard (D:2)
  7 goblins
  A kobold (D:1)
  6 rats
54 creatures vanquished.

Notes
Turn   | Place    | Note
-------+----------+-------------------------------------------
     0 | D:1      | jimonade the Formicid Fighter began the quest for the Orb.
     0 | D:1      | Reached XP level 1. HP: 18/18 MP: 1/1
   280 | D:1      | Reached XP level 2. HP: 21/24 MP: 2/2
   840 | D:2      | Reached XP level 3. HP: 30/30 MP: 3/3
   979 | D:2      | Found Lishri's Weapon Shoppe.
  1053 | D:2      | Reached XP level 4. HP: 33/37 MP: 4/4
  1128 | D:2      | Found a faded altar of an unknown god.
  1684 | D:3      | Found a shimmering altar of Xom.
  1760 | D:3      | Reached XP level 5. HP: 42/42 MP: 5/5
  2490 | D:4      | Splashed by a jelly's acid

Illustrated notes

Levels and vault maps discovered:
D:1:      lightli_iron_boxes, layout_basic
D:2:      layout_loops_ring, serial_shops, nicolae_shop_behind_doors,
          shapermc_ecumenical_altar_mp_vishouse
D:3:      layout_basic, xom_teletrap_fun
D:4:      layout_rooms, ebering_ghost_disaster_area

Skill      XL: |  1  2  3  4  5 |
---------------+----------------+-----
Maces & Flails | 3 4 |  4.2
Fighting       | 4 |  4.1
Armour         | |  3.7
Dodging        | |  0.2
Stealth        | |  0.5
Shields        | |  4.2

Action                     |  1- 3 |  4- 6 || total
---------------------------+-------+-------++-------
  Melee: Flail             |    77 |    75 ||   152
Ability: Dig               |    10 |       ||    10
 Armour: Scale mail        |    32 |    16 ||    48
         Chain mail        |       |    12 ||    12
  Dodge: Dodged            |    39 |    31 ||    70
  Block: Buckler           |    21 |    11 ||    32

Table legend: (Time is in decaauts)
 A = Elapsed time spent in this place.
 B = Non-inter-level travel time spent in this place.
 C = Inter-level travel time spent in this place.
 D = Time resting spent in this place.
 E = Time spent auto-exploring this place.
 F = Levels seen in this place.
 G = Mean time per level.
                   A        B        C        D        E       F      G
               +--------+--------+--------+--------+--------+-----+--------+
         Total |   2534 |   2375 |    159 |      0 |   1847 |   4 |  633.5 |
       Dungeon |   2534 |   2375 |    159 |      0 |   1847 |   4 |  633.5 |
               +--------+--------+--------+--------+--------+-----+--------+

Top non-repeatable levels by time:
     D:3: 977 daAuts
     D:1: 783 daAuts
     D:2: 760 daAuts
     D:4: 12 daAuts
